 Dungeon Crawl Stone Soup version 0.30.0 (webtiles) character file.

Game seed: 17962516198756037559

130 Jackthecabe the Slasher (level 5, -6/34 (43) HPs)
             Began as a Gnoll Reaver on May 6, 2023.
             Killed from afar by an orc wizard (8 damage)
             ... with a magic dart
             ... on level 3 of the Dungeon.
             The game lasted 00:04:27 (2239 turns).

Jackthecabe the Slasher (Gnoll Reaver)              Turns: 2239, Time: 00:04:30

HP:   -6/34 (43)    AC:  4    Str: 11    XL:     5   Next: 14%
MP:   12/12         EV: 18    Int: 13    God:
Gold: 122           SH:  0    Dex: 12    Spells: 11/14 levels left

rFire   + . .        a - +0 falchion
rCold   + . .        (no shield)
rNeg    . . .        k - +2 robe {rC+ rF+}
rPois   .            (no helmet)
rElec   .            (no cloak)
rCorr   +            (no gloves)
SInv    .            (no boots)
Will    .....        (no amulet)
Stlth   ++           E - +5 ring of evasion
HPRegen 0.25/turn    R - ring of resist corrosion
MPRegen 0.13/turn

%: no passive effects
@: mighty, lethally poisoned (-6 -> -12), flying, heavily drained
A: fangs 1, strong nose, distributed training
a: no special abilities


You were on level 3 of the Dungeon.
You visited 1 branch of the dungeon, and saw 3 of its levels.

You collected 122 gold pieces.


Innate Abilities, Weirdness & Mutations

You have very sharp teeth.
Your uncanny sense of smell can sniff out nearby items.
Your experience applies equally to all skills.


   Skills:
 + Level 4.7 Fighting
 + Level 1.4 Short Blades
 + Level 6.7 Long Blades
 + Level 1.4 Axes
 + Level 1.4 Maces & Flails
 + Level 1.4 Polearms
 + Level 1.4 Staves
 + Level 1.4 Ranged Weapons
 + Level 1.4 Throwing
 + Level 1.4 Armour
 + Level 4.7 Dodging
 + Level 1.4 Stealth
 + Level 1.4 Shields
 + Level 1.4 Unarmed Combat
 + Level 5.2 Spellcasting
 + Level 5.5 Conjurations
 + Level 1.1 Hexes
 + Level 1.1 Summonings
 + Level 1.1 Necromancy
 + Level 1.1 Translocations
 + Level 1.1 Transmutations
 + Level 1.1 Fire Magic
 + Level 1.1 Ice Magic
 + Level 1.1 Air Magic
 + Level 1.1 Earth Magic
 + Level 1.1 Poison Magic
 + Level 1.6 Invocations
 + Level 1.4 Evocations


You had 11 spell levels left.
You knew the following spells:

 Your Spells              Type           Power      Damage    Failure   Level
X - Kiss of Death         Conj/Necr      48%        2d9       4%          1
Y - Momentum Strike       Conj/Tloc      24%        3d8       7%          2

Your spell library contained the following spells:

 Spells                   Type           Power      Damage    Failure   Level
 Apportation              Tloc           12%        N/A       12%         1
 Necrotise                Necr           24%        1d5       12%         1
 Summon Small Mammal      Summ           24%        N/A       12%         1
 Hailstorm                Conj/Ice       12%        3d5       14%         3
 Scorch                   Fire           12%        2d6       17%         2
 Flame Wave               Conj/Fire      12%        2d6       43%         4
 Summon Cactus Giant      Summ           3%         N/A       100%        6

Inventory:

Hand Weapons
 a - a +0 falchion (weapon)
Missiles
 p - a throwing net {=f}
Armour
 b - a +0 leather armour
 k - a +2 robe of resistance (worn)
Jewellery
 E - a +5 ring of evasion (left hand)
 F - a ring of fire
 N - a ring of positive energy
 R - a ring of resist corrosion (right hand)
Scrolls
 e - a scroll of amnesia {unknown}
 f - 2 scrolls of identify {unknown}
 g - a scroll of magic mapping {unknown}
 h - a scroll of vulnerability {unknown}
 j - a scroll of torment {unknown}
Potions
 c - a potion of haste {unknown}
 d - a potion of cancellation {unknown}
 i - a potion of might
 l - 2 potions of curing {unknown}
 m - a potion of flight
 n - a potion of degeneration {unknown}
 o - a potion of brilliance {unknown}
 q - a potion of berserk rage {unknown}

Dungeon Overview and Level Annotations

Branches:
Dungeon (3/15)

Altars:

Shops:
D:3

( #...# #...# #...# ####...#
#......# #######......#####
#............#.<.#
#.###.#......#...#
#.###.#.o@{..#...#
#.##..###o#......# #.#..##
#.#..#...# #...## #.#..#...#
##..## #.#..#...# ##...#
###.#.###.##
#####....####.....# #.#
##.................###.######
...###...........#.......~~≈#


You could see 2 orcs.


Message History

You hear some strange, mumbled words.
A magic dart appears from out of thin air!
The magic dart hits you.
The orc hits you with a +4 hand axe of venom!
* * * LOW HITPOINT WARNING * * *
You closely miss something.
Unknown command.
You barely miss something.
You feel sick. Something hits you but does no damage.
You hit something but do no damage.
You feel sick.
You are no longer poisoned.
The orc hits you with a +4 hand axe of venom!
* * * LOW HITPOINT WARNING * * *
You are lethally poisoned!
Something hits you but does no damage.
It was a potion of flight.
You feel very buoyant.
You fly up into the air.
* * * LOW HITPOINT WARNING * * *
You feel very sick. The orc closely misses you.
Something hits you but does no damage. The orc misses you.
It was a potion of might.
You feel very mighty all of a sudden.
* * * LOW HITPOINT WARNING * * *
You feel sick.
You hear some strange, mumbled words.
A magic dart appears from out of thin air!
The magic dart hits you!
You die...

Skill      XL: |  1  2  3  4 |
---------------+-------------+-----
Spellcasting   | 5 |  5.2
Invocations    | 1 |  1.6
Short Blades   | 1 |  1.4
Axes           | 1 |  1.4
Maces & Flails | 1 |  1.4
Polearms       | 1 |  1.4
Staves         | 1 |  1.4
Ranged Weapons | 1 |  1.4
Throwing       | 1 |  1.4
Armour         | 1 |  1.4
Stealth        | 1 |  1.4
Shields        | 1 |  1.4
Unarmed Combat | 1 |  1.4
Evocations     | 1 |  1.4
Hexes          | 1 |  1.1
Summonings     | 1 |  1.1
Necromancy     | 1 |  1.1
Translocations | 1 |  1.1
Transmutations | 1 |  1.1
Fire Magic     | 1 |  1.1
Ice Magic      | 1 |  1.1
Air Magic      | 1 |  1.1
Earth Magic    | 1 |  1.1
Poison Magic   | 1 |  1.1
Fighting       | |  4.7
Long Blades    | |  6.7
Dodging        | |  4.7
Conjurations   | |  5.5

Action                     |  1- 3 |  4- 6 || total
---------------------------+-------+-------++-------
  Melee: Falchion          |   119 |    50 ||   169
         Bite              |     4 |     5 ||     9
         Punch             |     1 |       ||     1
   Cast: Kiss of Death     |       |     2 ||     2
         Momentum Strike   |       |     2 ||     2
    Use: Potion            |       |     2 ||     2
   Stab: Sleeping          |       |     1 ||     1
 Armour: Leather armour    |    25 |       ||    25
         Robe              |       |     9 ||     9
  Dodge: Dodged            |    58 |    42 ||   100

Levels and vault maps discovered:
D:1:      dreamdust_arrival_sigmund_warning, layout_basic, minivault_24
D:2:      minmay_alternating_diamond, layout_basic
D:3:      layout_rooms, serial_shops, nicolae_shop_trees,
          chequers_serial_rivers_small_a, wander_ebering_terrifying_dragon_lair

Notes
Turn   | Place    | Note
-------+----------+-------------------------------------------
     0 | D:1      | Jackthecabe the Gnoll Reaver began the quest for the Orb.
     0 | D:1      | Reached XP level 1. HP: 20/20 MP: 6/6
    78 | D:1      | Reached XP level 2. HP: 21/26 MP: 7/7
   303 | D:1      | Reached skill level 5 in Spellcasting
   303 | D:1      | Reached XP level 3. HP: 27/31 MP: 7/9
   730 | D:1      | Reached skill level 1 in Invocations
  1421 | D:2      | Reached skill level 1 in Short Blades
  1421 | D:2      | Reached skill level 1 in Axes
  1421 | D:2      | Reached skill level 1 in Maces & Flails
  1421 | D:2      | Reached skill level 1 in Polearms
  1421 | D:2      | Reached skill level 1 in Staves
  1421 | D:2      | Reached skill level 1 in Ranged Weapons
  1421 | D:2      | Reached skill level 1 in Throwing
  1421 | D:2      | Reached skill level 1 in Armour
  1421 | D:2      | Reached skill level 1 in Stealth
  1421 | D:2      | Reached skill level 1 in Shields
  1421 | D:2      | Reached skill level 1 in Unarmed Combat
  1421 | D:2      | Reached skill level 1 in Evocations
  1475 | D:2      | Reached XP level 4. HP: 38/38 MP: 11/11
  1479 | D:2      | Identified a +2 robe of resistance
  1612 | D:2      | Reached skill level 1 in Hexes
  1612 | D:2      | Reached skill level 1 in Summonings
  1612 | D:2      | Reached skill level 1 in Necromancy
  1612 | D:2      | Reached skill level 1 in Translocations
  1612 | D:2      | Reached skill level 1 in Transmutations
  1612 | D:2      | Reached skill level 1 in Fire Magic
  1612 | D:2      | Reached skill level 1 in Ice Magic
  1612 | D:2      | Reached skill level 1 in Air Magic
  1612 | D:2      | Reached skill level 1 in Earth Magic
  1612 | D:2      | Reached skill level 1 in Poison Magic
  2043 | D:3      | Reached XP level 5. HP: 40/40 MP: 12/12
  2046 | D:3      | Learned a level 2 spell: Momentum Strike
  2078 | D:3      | Found Reyv's Weapon Boutique.
  2239 | D:3      | HP: 2/34 [poisoned by an orc]
  2239 | D:3      | Killed from afar by an orc wizard

Vanquished Creatures
  A jelly (D:3)
  4 adders
  A worm (D:3)
  3 dart slugs
  An orc (D:3)
  4 ball pythons
  8 endoplasms
  9 goblins
  5 hobgoblins
  A quokka (D:2)
  5 bats (D:1)
  2 frilled lizards
  6 kobolds
  7 rats
57 creatures vanquished.

Table legend: (Time is in decaauts)
 A = Elapsed time spent in this place.
 B = Non-inter-level travel time spent in this place.
 C = Inter-level travel time spent in this place.
 D = Time resting spent in this place.
 E = Time spent auto-exploring this place.
 F = Levels seen in this place.
 G = Mean time per level.
                   A        B        C        D        E       F      G
               +--------+--------+--------+--------+--------+-----+--------+
         Total |   2233 |   2188 |     45 |    147 |   1567 |   3 |  744.3 |
       Dungeon |   2233 |   2188 |     45 |    147 |   1567 |   3 |  744.3 |
               +--------+--------+--------+--------+--------+-----+--------+

Top non-repeatable levels by time:
     D:2: 906 daAuts
     D:1: 821 daAuts
     D:3: 505 daAuts

Table legend:
 A = Non-vault XP
 B = Vault XP
 C = Vault XP percentage of total XP
 D = Non-vault monster count
 E = Vault monster count
 F = Vault count percentage of total count
                 A         B        C        D         E       F
            +---------+---------+-------+---------+---------+-------
      Total |     160 |      27 |  14.4 |      54 |       3 |   5.3
            +---------+---------+-------+---------+---------+-------
        D:1 |      50 |       0 |   0.0 |      30 |       0 |   0.0
        D:2 |      36 |      27 |  42.9 |      13 |       3 |  18.8
        D:3 |      74 |       0 |   0.0 |      11 |       0 |   0.0
            +---------+---------+-------+---------+---------+-------
